 Dungeon Crawl Stone Soup version 0.25.0-3-gd7cc5688da (webtiles) character file.

Game seed: 15687047441805144014

123 mopl the Chopper (level 4, 0/33 HPs)
             Began as a Demonspawn Gladiator on June 15, 2020.
             Slain by a gnoll
             ... wielding a +0 flail
              (7 damage)
             ... on level 3 of the Dungeon.
             The game lasted 00:02:49 (2959 turns).

mopl the Chopper (Demonspawn Gladiator)             Turns: 2959, Time: 00:02:49

Health: 0/33       AC:  7    Str: 15    XL:     4   Next: 79%
Magic:  4/4        EV: 12    Int: 10    God:
Gold:   78         SH:  0    Dex: 14    Spells: 3/3 levels left

rFire    . . .     SeeInvis .   a - +0 war axe
rCold    . . .     Gourm    .   (no shield)
rNeg     . . .     Faith    .   b - +0 leather armour
rPois    .         Spirit   .   c - +0 helmet
rElec    .         Reflect  .   (no cloak)
rCorr    .         Harm     .   (no gloves)
MR       .....                  p - +2 pair of boots
Stlth    +.........             (no amulet)
HPRegen  0.11/turn              (no ring)
MPRegen  0.09/turn              (no ring)

@: no status effects
A: claws 2
a: no special abilities


You were on level 3 of the Dungeon.
You were not hungry.

You visited 1 branch of the dungeon, and saw 3 of its levels.

You collected 78 gold pieces.

Inventory:

Hand Weapons
 a - a +0 war axe (weapon)
Missiles
 d - 3 throwing nets (quivered)
 l - 5 javelins
 o - 15 poisoned darts
Armour
 b - a +0 leather armour (worn)
 c - a +0 helmet (worn)
 n - a +0 tower shield
 p - a +2 pair of boots (worn)
Scrolls
 e - 2 scrolls of teleportation {unknown}
 h - 2 scrolls of identify {unknown}
 i - a scroll of blinking {unknown}
 j - 2 scrolls of remove curse {unknown}
Potions
 g - a potion of stabbing {unknown}
 k - a potion of resistance {unknown}
 m - a potion of lignification {unknown}
Comestibles
 f - 5 rations
 q - 3 chunks of flesh


   Skills:
 - Level 2.0 Fighting
 + Level 5.1 Axes
 - Level 1.7 Throwing
 - Level 2.6 Dodging


You had 3 spell levels left.
You didn't know any spells.
Your spell library was empty.

Dungeon Overview and Level Annotations

Branches:
Dungeon (3/15)

Altars:
Hepliaklqana


Innate Abilities, Weirdness & Mutations

You have very sharp fingernails.


Message History

You slash the gnoll!
You kill the gnoll!
Your Axes skill increases to level 5!
You hit the gnoll. x2; You closely miss the hobgoblin.
The gnoll hits you with a +0 flail! The hobgoblin closely misses you.
The gnoll closely misses you.
Unknown command.
You barely miss the orc. You slash the gnoll!
You kill the gnoll!
You closely miss the gnoll. You hit the hobgoblin but do no damage.
The gnoll hits you with a +0 flail.
* * * LOW HITPOINT WARNING * * *
The hobgoblin barely misses you. The orc hits you but does no damage.
Unknown command.
You barely miss the gnoll.
The gnoll is moderately wounded.
You slash the orc!
You kill the orc!
You hit the hobgoblin but do no damage. The gnoll hits you with a +0 flail!
You die...

#.#.....######
#......## #....######
. ##...##..... ##..
##.......# #....
#....##### #...#.
###.#)...#######......
#.....##.#....†)......
#.............@g...#
#######........g...#
#............#
#.#.............
...#..........#.#
#####..........# .
#..........#
##.......... ....


You could see a gnoll and a hobgoblin.

Vanquished Creatures
  2 gnolls (D:3)
  2 adders
  2 oozes
  A worm (D:2)
  3 leopard geckos
  An orc (D:3)
  8 bats
  7 giant cockroaches
  7 goblins
  4 hobgoblins
  A quokka (D:2)
  3 ball pythons
  2 frilled lizards (D:1)
  15 kobolds
  10 rats
68 creatures vanquished.

Notes
Turn   | Place    | Note
-------+----------+-------------------------------------------
     0 | D:1      | mopl the Demonspawn Gladiator began the quest for the Orb.
     0 | D:1      | Reached XP level 1. HP: 16/16 MP: 1/1
   196 | D:1      | Reached skill level 3 in Axes
   249 | D:1      | Gained mutation: You have sharp fingernails. [demonic
                  | ancestry]
   249 | D:1      | Reached XP level 2. HP: 22/22 MP: 2/2
   900 | D:1      | Gained mutation: You have very sharp fingernails. [demonic
                  | ancestry]
   900 | D:1      | Reached XP level 3. HP: 22/27 MP: 3/3
  1322 | D:2      | Reached skill level 4 in Axes
  2048 | D:2      | Reached XP level 4. HP: 33/33 MP: 4/4
  2551 | D:3      | Noticed a phantom
  2814 | D:3      | Found a hazy altar of Hepliaklqana.
  2957 | D:3      | Reached skill level 5 in Axes
  2959 | D:3      | Slain by a gnoll

Illustrated notes

Levels and vault maps discovered:
D:1:      lordsloth_arrival_two_stooges, layout_basic
D:2:      layout_loops_ring, serial_bayou, serial_bayou_lagoon_a,
          serial_bayou_crossing, serial_bayou_shore_b, serial_bayou_pond_e,
          serial_bayou_pond_a
D:3:      layout_rooms, nicolae_overflow_crystal_walls, first_ration

Skill      XL: |  1  2  3  4 |
---------------+-------------+-----
Axes           | 3 4 5 |  5.1
Fighting       | |  2.0
Throwing       | |  1.7
Dodging        | |  2.6

Action                   |  1- 3 |  4- 6 || total
-------------------------+-------+-------++-------
Melee: War axe           |   127 |    77 ||   204
 Stab: Sleeping          |     2 |       ||     2
  Eat: Chunk             |     4 |     3 ||     7
Armor: Leather armour    |    46 |    25 ||    71
Dodge: Dodged            |    91 |    53 ||   144
Block: Tower shield      |       |    13 ||    13
